 Dungeon Sprint DCSS version 0.30-a0-1155-gf8af5b4991 (webtiles) character file.

Game seed: 17442275899628465984

35 Jewman the Trooper (level 3, -18/31 HPs)
             Began as a Demonspawn Fighter on Apr 24, 2023.
             Demolished by an ogre
             ... wielding a +0 giant club
              (26 damage)
             ... in the Dungeon (Sprint IX: "|||||||||||||||||||||||||||||").
             The game lasted 00:00:14 (45 turns).

Jewman the Trooper (Demonspawn Fighter)               Turns: 45, Time: 00:00:15

Health: -18/31     AC:  7    Str: 18    XL:     3   Next: 17%
Magic:  3/3        EV:  9    Int:  9    God:
Gold:   0          SH:  4    Dex: 12    Spells: 2/2 levels left

rFire   . . .        a - +0 flail
rCold   . . .        c - +0 buckler
rNeg    . . .        b - +0 scale mail
rPois   .            (no helmet)
rElec   .            (no cloak)
rCorr   .            (no gloves)
SInv    .            (no boots)
Will    .....        (no amulet) Stlth
                     (no ring)
HPRegen 0.25/turn    (no ring)
MPRegen 0.16/turn

%: no teleportation
@: no status effects
A: hooves 1, magic regeneration
a: no special abilities


You were in the Dungeon.
You visited 1 branch

Inventory:

Hand Weapons
 a - a +0 flail (weapon)
Armour
 b - a +0 scale mail (worn)
 c - a +0 buckler (worn)
Scrolls
 j - a scroll of blinking
Potions
 d - a potion of might
 e - a potion of curing
 f - a potion of heal wounds
 g - a potion of haste
 h - 2 potions of magic
 i - a potion of berserk rage


   Skills:
 + Level 4.4 Fighting
 + Level 3.1 Maces & Flails
 + Level 4.0 Armour
 + Level 1.0 Dodging
 + Level 3.6 Shields


You had 2 spell levels left.
You didn't know any spells.
Your spell library was empty.

Dungeon Overview and Level Annotations

Branches:
Dungeon (1/1)

Altars:


Innate Abilities, Weirdness & Mutations

You have large cloven feet.
You regenerate magic rapidly.


Message History

An adder, an ogre, an iguana, an orc and a worm come into view.
The adder hisses angrily.
The ogre shouts!
The iguana hisses angrily.
The orc shouts!
You hit the worm.
The worm is moderately wounded.
You block the worm's attack.
You sock the worm!
The worm is heavily wounded.
You sock the worm!
You kill the worm!
Your Dodging skill increases to level 1!
You have reached level 2!
Your demonic ancestry asserts itself...
Your feet thicken and deform.
You thump the orc!
You kill the orc!
You hit the iguana but do no damage. You kick the iguana, but do no damage.
The iguana bites you!
You hit the iguana but do no damage. The iguana bites you!
You barely miss the iguana. You kick the iguana, but do no damage.
The iguana bites you.
* * * LOW HITPOINT WARNING * * *
You block the iguana's attack.
You thump the iguana! Your kick misses the iguana.
The iguana is severely wounded.
The iguana bites you but does no damage.
You thump the iguana!
You kill the iguana!
Your Fighting skill increases to level 4!
Your Maces & Flails skill increases to level 3!
Your Armour skill increases to level 4!
You have reached level 3!
Your experience leads to an increase in your attributes!
Increase (S)trength, (I)ntelligence, or (D)exterity?
You feel stronger. x2; Your demonic ancestry asserts itself...
Your magic begins to regenerate rapidly.
You barely miss the ogre.
The ogre hits you with a +0 giant club!!
Ouch! That really hurt!
You die... ▓▓▓▓▓▓▓▓▓▓▓▓▓▓▓▓▓▓ +....SO@....)...<▓ ▓▓▓▓▓▓▓▓▓▓▓▓▓▓▓▓▓▓

You could see an ogre and an adder.

Vanquished Creatures
  An iguana (D)
  A worm (D)
  An orc (D)
  A bat (D)
  A giant cockroach (D)
  A quokka (D)
  A goblin (D)
  A rat (D)
8 creatures vanquished.

Notes
Turn   | Place    | Note
-------+----------+-------------------------------------------
     0 | D        | Jewman the Demonspawn Fighter began the quest for the Orb.
     0 | D        | Reached XP level 1. HP: 18/18 MP: 1/1
    35 | D        | Noticed an ogre
    35 | D        | Noticed an iguana
    39 | D        | Reached skill level 1 in Dodging
    39 | D        | Gained mutation: You have large cloven feet. [demonic
                  | ancestry]
    39 | D        | Reached XP level 2. HP: 25/25 MP: 2/2
    45 | D        | Gained mutation: You regenerate magic rapidly. [demonic
                  | ancestry]
    45 | D        | Reached XP level 3. HP: 8/31 MP: 3/3
    45 | D        | Demolished by an ogre

Illustrated notes

Levels and vault maps discovered:
D:        linesprint [early_d, line_temple, items_1, d_10, items_2, lair_1,
          lair_end, items_3, orc_1, orc_end, items_4, d_15, swamp_1, shoals_1,
          snake_1, spider_1, d_20, vaults_1, items_5, swamp_end, shoals_end,
          snake_end, spider_end, vaults_end, d_27, items_6, zot_1, zot_end,
          crypt_end, forest_end, elf_end, slime_end, tomb_end, abyss_end,
          pan_hell_end]

Skill      XL: |  1  2 |
---------------+-------+-----
Maces & Flails | 2 3 |  3.1
Armour         | 3 4 |  4.0
Shields        | 3 |  3.6
Dodging        | 1 |  1.0
Fighting       | 4 |  4.4

Action                     || total
---------------------------++-------
  Melee: Flail             ||    29
         Kick              ||     2
 Armour: Scale mail        ||    10
  Dodge: Dodged            ||    13
  Block: Buckler           ||     5

Table legend: (Time is in decaauts)
 A = Elapsed time spent in this place.
 B = Non-inter-level travel time spent in this place.
 C = Inter-level travel time spent in this place.
 D = Time resting spent in this place.
 E = Time spent auto-exploring this place.
 F = Levels seen in this place.
 G = Mean time per level.
                   A        B        C        D        E       F      G
               +--------+--------+--------+--------+--------+-----+--------+
         Total |     54 |     54 |      0 |      0 |     15 |   1 |   54.0 |
       Dungeon |     54 |     54 |      0 |      0 |     15 |   1 |   54.0 |
               +--------+--------+--------+--------+--------+-----+--------+

Top non-repeatable levels by time:
       D: 54 daAuts
